[Event "African Individual Chess-ch Women 2024"]
[Site "Accra"]
[Date "2024.03.17"]
[Round "6.5"]
[White "Nakabo, Peninah"]
[Black "Benson, Maud"]
[Result "1-0"]
[ECO "B07"]
[WhiteElo "1836"]
[BlackElo "1664"]
[Annotator "NA RC"]
[PlyCount "101"]
[EventDate "2024.03.13"]
[EventCountry "GHA"]
[SourceTitle "playchess.com"]
[Source "ChessBase"]
[SourceQuality "1"]
[TimeControl "5400+30"]

1. e4 d6 2. d4 Nf6 3. Nc3 c6 4. Nf3 Qa5 5. Bd3 e5 6. dxe5 {[%emt 0:00:30] B07: Pirc Defence: Miscellaneous Systems.} dxe5 7. O-O Bg4 8. Bd2 Qc7 9. h3 Bh5 10. a3 a5 11. Be3 Nbd7 12. Qe2 Be7 13. Kh1 h6 14. Rab1 a4 15. Rfd1 O-O 16. g4 Nxg4 17. hxg4 Bxg4 18. Rg1 h5 19. Qd1 Bc5 20. Rg3 Bxe3 21. fxe3 f5 22. Be2 f4 23. exf4 Rxf4 24. Nh2 Bxe2 25. Qxe2 h4 26. Rg4 Nf6 27. Rxf4 exf4 28. Qf3 Ra5 29. Ng4 Nh5 30. e5 Ng3+ 31. Kh2 Qf7 32. Rd1 Qf5 33. Rc1 Ra8 34. Ne2 Nxe2 35. Qxe2 f3 36. Qc4+ Kh8 37. Kh3 Re8 38. Kxh4 g5+ 39. Kg3 b5 40. Rh1+ Kg7 41. Qd4 c5 42. Qd6 (42. Qxc5 $2 {perishes.} Qf4+ 43. Kf2 Qd2+ 44. Kxf3 Qf4+ 45. Kg2 Qxg4+ 46. Kf2 Qf4+ (46... Rf8+ $2 47. Ke1 $19) 47. Kg2 Rf8 $19 (47... Rxe5 $2 48. Qc7+ Kg8 49. Qh7+ Kf8 50. Qh8+ Kf7 51. Rh7+ Kg6 52. Rg7+ Kf5 53. Rf7+ Ke4 54. Qa8+ Rd5 55. Rxf4+ $18) (47... Qxe5 48. Qxe5+ Rxe5 49. Kf3 $11)) 42... Qf4+ 43. Kf2 Qd4+ 44. Qxd4 cxd4 45. Rd1 Rc8 46. Rd2 Kg6 47. Kxf3 Kf5 48. Kg3 Ke4 49. e6 Rh8 50. e7 Kf5 51. Rf2+ 1-0

[Event "African Individual Chess-ch Women 2024"]
[Site "Accra"]
[Date "2024.03.17"]
[Round "6.6"]
[White "Marochkina, Nadezhda Valerevna"]
[Black "Shaba, Linda Dalitso"]
[Result "1/2-1/2"]
[ECO "A85"]
[WhiteElo "1819"]
[BlackElo "1836"]
[Annotator "NA RC"]
[PlyCount "83"]
[EventDate "2024.03.13"]
[EventCountry "GHA"]
[SourceTitle "playchess.com"]
[Source "ChessBase"]
[SourceQuality "1"]
[TimeControl "5400+30"]

1. d4 e6 2. c4 f5 3. Nc3 Nf6 4. h3 Be7 5. Qc2 Nc6 6. Nf3 Nb4 7. Qb1 d5 8. a3 Nc6 9. Bf4 dxc4 10. e3 Nd5 11. Bh2 Na5 12. Nd2 Bd6 13. Bxd6 cxd6 14. Nxc4 Nxc4 15. Bxc4 Nxc3 16. bxc3 Qc7 17. Qb3 d5 18. Bb5+ Bd7 19. O-O Rc8 20. Rfc1 Bxb5 21. Qxb5+ Qc6 22. Qa5 a6 23. Rab1 b5 24. a4 Rb8 25. axb5 axb5 26. Qa7 O-O 27. Rb3 Rb7 28. Qa5 Rfb8 29. Ra1 Kf7 30. Qb4 Qc4 31. Ra5 Qe2 32. Rb1 Qc4 33. Qa3 Qd3 34. Ra1 Qc4 35. Ra6 Qc7 36. Qb4 Rc8 37. R1a3 Rcb8 38. R6a5 Qc6 39. Ra6 Qc7 40. R6a5 Qc6 41. Ra6 Qc7 42. R6a5 1/2-1/2

[Event "African Individual Chess-ch Women 2024"]
[Site "Accra"]
[Date "2024.03.17"]
[Round "6.7"]
[White "Paulo, Jemima"]
[Black "Yavo Tchetche, Marie"]
[Result "1-0"]
[ECO "E60"]
[WhiteElo "1946"]
[BlackElo "1659"]
[Annotator "RC"]
[PlyCount "97"]
[EventDate "2024.03.13"]
[EventCountry "GHA"]
[SourceTitle "playchess.com"]
[Source "ChessBase"]
[SourceQuality "1"]
[TimeControl "5400+30"]

1. c4 Nf6 2. Nf3 g6 3. b3 Bg7 4. Bb2 O-O 5. g3 d6 6. Bg2 Nc6 7. O-O e5 8. d4 Nd7 9. e3 Rb8 10. Nc3 exd4 11. exd4 Nf6 12. Qd2 Bf5 13. d5 Ne5 14. Nxe5 dxe5 15. Rfe1 Nd7 16. Ba3 Re8 17. Rad1 Qf6 18. d6 c6 19. Ne4 Qd8 20. Nc5 b6 21. Na6 Rc8 22. Nc7 Rxc7 23. dxc7 Qxc7 24. Qd6 Qxd6 25. Bxd6 c5 26. Bc6 Rd8 27. Bxd7 Rxd7 28. Bb8 e4 29. Rxd7 Bxd7 30. Re2 e3 31. Rxe3 Bd4 32. Re7 Bf5 33. Bxa7 Bb1 34. Bxb6 Bxa2 35. b4 Kf8 36. Rc7 Bxc4 37. Bxc5+ Bxc5 38. Rxc5 Ba6 39. b5 Bb7 40. Rc7 Bd5 41. b6 Kg7 42. b7 Bxb7 43. Rxb7 h6 44. h4 Kf6 45. f4 h5 46. Kf2 Ke6 47. Ke3 f6 48. Ke4 Kd6 49. Rg7 1-0

[Event "African Individual Chess-ch Women 2024"]
[Site "Accra"]
[Date "2024.03.18"]
[Round "7.1"]
[White "QUICKPEN, Deborah Ebimobo-ere"]
[Black "February, Jesse Nikki"]
[Result "1-0"]
[ECO "A29"]
[WhiteElo "1945"]
[BlackElo "1920"]
[Annotator "RC"]
[PlyCount "103"]
[EventDate "2024.03.13"]
[EventCountry "GHA"]
[SourceTitle "playchess.com"]
[Source "ChessBase"]
[SourceQuality "1"]
[TimeControl "5400+30"]

1. c4 e5 2. g3 Nf6 3. Bg2 d5 4. cxd5 Nxd5 5. Nc3 Nb6 6. d3 Be7 7. Nf3 Nc6 8. Be3 Be6 9. O-O f6 10. Rc1 O-O 11. Qc2 Nd4 12. Bxd4 exd4 13. Ne4 c6 14. Nc5 Bxc5 15. Qxc5 Bxa2 16. Nxd4 Bd5 17. e4 Bf7 18. Rfd1 Nd7 19. Qc3 Qb6 20. Nf5 Rfd8 21. d4 Qb3 22. Nd6 Rab8 23. f4 Nb6 24. Nxf7 Qxf7 25. Rd3 f5 26. e5 Nd5 27. Qc5 a6 28. Re1 Qe6 29. Rc1 g6 30. Qa5 Qe7 31. Qa2 Kg7 32. Qb3 Nb4 33. Rd2 Nd5 34. Rc5 Nc7 35. Qe3 Ne6 36. Rcc2 Nc7 37. Rc5 Ne6 38. Rc4 Nc7 39. Kf2 Nd5 40. Qb3 Qe6 41. Rd3 h5 42. Rc5 Kh6 43. Bxd5 cxd5 44. Rc7 b5 45. Rdc3 Qb6 46. Qb4 Qe6 47. R3c6 Qe8 48. Qc5 a5 49. Qa7 Qg8 50. Qxa5 b4 51. Qc5 b3 52. Qe7 1-0

[Event "African Individual Chess-ch Women 2024"]
[Site "Accra"]
[Date "2024.03.18"]
[Round "7.2"]
[White "Wafa, Shahenda"]
[Black "Nakabo, Peninah"]
[Result "0-1"]
[ECO "B12"]
[WhiteElo "2083"]
[BlackElo "1836"]
[Annotator "RC"]
[PlyCount "144"]
[EventDate "2024.03.13"]
[EventCountry "GHA"]
[SourceTitle "playchess.com"]
[Source "ChessBase"]
[SourceQuality "1"]
[TimeControl "5400+30"]

1. e4 c6 2. d4 d5 3. e5 c5 4. Nf3 e6 5. c3 Nd7 6. Be3 Qb6 7. Qd2 cxd4 8. Bxd4 Qc7 9. Bd3 Ne7 10. O-O g6 11. Na3 a6 12. Qf4 Bg7 13. c4 O-O 14. Rac1 Qb8 15. Rfe1 b6 16. cxd5 Nxd5 17. Qh4 b5 18. Nc2 Bb7 19. Qg3 Qd8 20. Ng5 Bh6 21. h4 Qe7 22. Be4 Rac8 23. Bxd5 Bxd5 24. Ne3 Bb7 25. Ng4 Bg7 26. Qf4 Kh8 27. Rxc8 Bxc8 28. Nf6 h6 29. Ngh7 Rd8 30. h5 Nf8 31. Nxf8 Qxf8 32. Qe4 Bxf6 33. exf6 g5 34. Rc1 Qd6 35. Bc3 Qd5 36. Qxd5 exd5 37. Ba5 Re8 38. Rc6 Bg4 39. Rxa6 Bxh5 40. Rd6 Re5 41. Bc3 Rf5 42. Kf1 Bg6 43. Ke2 h5 44. b3 h4 45. a4 bxa4 46. bxa4 g4 47. Rb6 h3 48. Rb1 Rf4 49. Rh1 Be4 50. Be5 Rf5 51. Bg3 Kg8 52. Ra1 hxg2 53. Bh2 Rxf6 54. a5 Ra6 55. Ke3 Kf8 56. Kd4 Ke7 57. Bg1 Kd7 58. Kc5 f5 59. Kb5 Ra8 60. Kc5 Ke6 61. a6 Ke5 62. a7 d4 63. f4+ Kxf4 64. Bxd4 Kg3 65. Be5+ Kh3 66. Ra3+ Bf3 67. Ra1 Rxa7 68. Rb1 Ra5+ 69. Kd6 Rxe5 70. Kxe5 Kh2 71. Rb2 Kh1 72. Kxf5 g1=Q 0-1

[Event "African Individual Chess-ch Women 2024"]
[Site "Accra"]
[Date "2024.03.18"]
[Round "7.3"]
[White "Junior, Ednasia"]
[Black "Nassr, Lina"]
[Result "0-1"]
[ECO "B47"]
[WhiteElo "1915"]
[BlackElo "2080"]
[Annotator "RC"]
[PlyCount "50"]
[EventDate "2024.03.13"]
[EventCountry "GHA"]
[SourceTitle "playchess.com"]
[Source "ChessBase"]
[SourceQuality "1"]
[TimeControl "5400+30"]

1. e4 c5 2. Nf3 e6 3. d4 cxd4 4. Nxd4 Nc6 5. Nc3 Qc7 6. a3 a6 7. Be2 Nf6 8. O-O Nxd4 9. Qxd4 Bc5 10. Qd3 b5 11. Bg5 Be7 12. f4 d6 13. Bf3 Bb7 14. e5 dxe5 15. fxe5 Rd8 16. Qe2 Nd5 17. Nxd5 Bxd5 18. Bxe7 Qxe7 19. Rfd1 Bxf3 20. Qxf3 Qc5+ 21. Kh1 O-O 22. Rxd8 Rxd8 23. Rd1 Rd7 24. Rd2 Rxd2 25. Qd1 Rxd1# 0-1

[Event "African Individual Chess-ch Women 2024"]
[Site "Accra"]
[Date "2024.03.18"]
[Round "7.4"]
[White "Ofowino, Toritsemuwa"]
[Black "Vilhete, Vania Fausto Da T."]
[Result "1-0"]
[ECO "B30"]
[WhiteElo "1950"]
[BlackElo "1829"]
[Annotator "RC"]
[PlyCount "103"]
[EventDate "2024.03.13"]
[EventCountry "GHA"]
[SourceTitle "playchess.com"]
[Source "ChessBase"]
[SourceQuality "1"]
[TimeControl "5400+30"]

1. e4 c5 2. Nf3 e6 3. d3 Nc6 4. g3 d6 5. Bg2 Nf6 6. O-O g6 7. c3 Bg7 8. h3 Qc7 9. Be3 O-O 10. Nbd2 b6 11. Rc1 Bb7 12. Re1 Rac8 13. g4 d5 14. e5 Nd7 15. d4 f6 16. exf6 Bxf6 17. Nf1 Rce8 18. Qd2 Qd6 19. Rcd1 Bg7 20. Ng3 cxd4 21. Nxd4 Nxd4 22. Bxd4 e5 23. Be3 Nc5 24. Bxd5+ Qxd5 25. Qxd5+ Bxd5 26. Rxd5 Na4 27. Bc1 Nc5 28. Ne4 Ne6 29. Kg2 Nf4+ 30. Bxf4 exf4 31. f3 Re7 32. Red1 Rfe8 33. Rd8 Kf8 34. Kf2 h6 35. R1d6 g5 36. Ke2 Kf7 37. Rxe8 Kxe8 38. Kd3 Bf8 39. Rd5 Re6 40. b3 Be7 41. b4 a6 42. a3 Kf7 43. c4 Rc6 44. c5 Ke6 45. Kd4 b5 46. Re5+ Kd7 47. Kd5 Rg6 48. Rf5 Kc7 49. Rf7 Kd8 50. Rh7 Bf8 51. Ra7 Bg7 52. Nd6 1-0

[Event "African Individual Chess-ch Women 2024"]
[Site "Accra"]
[Date "2024.03.18"]
[Round "7.5"]
[White "Shaba, Linda Dalitso"]
[Black "Paulo, Jemima"]
[Result "0-1"]
[ECO "D46"]
[WhiteElo "1836"]
[BlackElo "1946"]
[Annotator "NA RC"]
[PlyCount "74"]
[EventDate "2024.03.13"]
[EventCountry "GHA"]
[SourceTitle "playchess.com"]
[Source "ChessBase"]
[SourceQuality "1"]
[TimeControl "5400+30"]

1. d4 Nf6 2. c4 c6 3. Nc3 d5 4. e3 e6 5. Nf3 Bd6 6. Bd3 Nbd7 7. O-O O-O 8. b3 e5 9. dxe5 Nxe5 10. Be2 dxc4 11. bxc4 Be6 12. Nxe5 Bxe5 13. Qc2 g6 14. Bb2 Nd7 15. f4 Bg7 16. e4 Nb6 17. Rad1 Qe7 18. Na4 Bxb2 19. Nxb2 Qc5+ 20. Kh1 f5 21. e5 Rfd8 22. h3 Rd4 23. Rxd4 Qxd4 24. g3 Nd7 25. Bf3 Nc5 26. Kg2 Ne4 27. Rd1 Qe3 28. Bxe4 fxe4 29. Rd6 Qf3+ 30. Kh2 Re8 31. Qg2 Qc3 32. Qd2 Qxd2+ 33. Rxd2 Kf7 34. Rd8 c5 35. h4 h5 36. Rd2 b6 37. a4 Bd5 0-1

[Event "African Individual Chess-ch Women 2024"]
[Site "Accra"]
[Date "2024.03.18"]
[Round "7.6"]
[White "Mongeli, Sasha"]
[Black "Marochkina, Nadezhda Valerevna"]
[Result "1/2-1/2"]
[ECO "D02"]
[WhiteElo "1858"]
[BlackElo "1819"]
[Annotator "NA RC"]
[PlyCount "163"]
[EventDate "2024.03.13"]
[EventCountry "GHA"]
[SourceTitle "playchess.com"]
[Source "ChessBase"]
[SourceQuality "1"]
[TimeControl "5400+30"]

1. d4 d5 2. Nf3 Nf6 3. g3 e6 4. Bg2 c5 5. O-O Nc6 6. c3 Qb6 7. e3 Bd6 8. Nbd2 O-O {[%emt 0:00:21] D02: Damenbauernspiele.} 9. Re1 a5 10. dxc5 Bxc5 11. Qa4 Bd7 12. Qb3 Qa7 13. a4 Qb8 14. Qc2 Rc8 15. Nb3 Bd6 16. Qe2 b6 17. Nbd4 Na7 18. Nd2 e5 19. Nc2 b5 20. axb5 Bxb5 21. Qd1 Nc6 22. e4 d4 23. cxd4 exd4 24. Nf3 d3 25. Ncd4 Bb4 26. Bd2 Ra6 27. Nxc6 Raxc6 28. Bxb4 axb4 29. Nd4 Rc5 30. Nxb5 Qxb5 31. Bf1 Rd8 32. Bxd3 Qe8 33. Qb3 Rd4 34. f3 Nd7 35. Red1 Ne5 36. Be2 Qd8 37. Kf1 Rc8 38. Rxd4 Qxd4 39. Rd1 Qc5 40. Qd5 Qc7 41. Qd6 Qa5 42. Qd5 Qc7 43. f4 Ng6 44. f5 Ne5 45. Qd6 Qxd6 46. Rxd6 f6 47. Rb6 Rc1+ 48. Kf2 Rc2 49. Rb8+ Kf7 50. Rb7+ Kf8 51. Rb8+ Kf7 52. b3 Rb2 53. Rb5 Nc6 54. Ke1 Rb1+ 55. Kd2 Rb2+ 56. Ke1 Rxe2+ 57. Kxe2 Nd4+ 58. Kd3 Nxb5 59. Kc4 Nd6+ 60. Kxb4 Nxe4 61. Ka5 Ke7 62. b4 Kd7 63. Kb6 Nd6 64. g4 g6 65. fxg6 hxg6 66. b5 f5 67. gxf5 gxf5 68. Kc5 Ke6 69. h4 Nxb5 70. Kxb5 f4 (70... Ke5 $5 71. Kc4 $8 Kf4 $11) 71. Kc4 Kf5 72. Kd3 Kg4 73. Ke2 Kxh4 74. Kf3 Kg5 75. Kf2 Kg4 76. Kg2 Kg5 77. Kf3 Kf5 78. Kf2 Ke4 79. Ke2 f3+ 80. Kf2 Kf4 81. Kf1 Ke3 82. Ke1 $11 1/2-1/2

[Event "African Individual Chess-ch Women 2024"]
[Site "Accra"]
[Date "2024.03.18"]
[Round "7.7"]
[White "Boshoma, Chisomo"]
[Black "Laubscher, Anzel"]
[Result "1/2-1/2"]
[ECO "B78"]
[WhiteElo "1780"]
[BlackElo "1820"]
[Annotator "NA RC"]
[PlyCount "79"]
[EventDate "2024.03.13"]
[EventCountry "GHA"]
[SourceTitle "playchess.com"]
[Source "ChessBase"]
[SourceQuality "1"]
[TimeControl "5400+30"]

1. e4 c5 2. Nf3 d6 3. d4 cxd4 4. Nxd4 Nf6 5. Nc3 g6 6. Be3 Bg7 7. f3 O-O 8. Qd2 Nc6 9. Bc4 Bd7 10. O-O-O Rc8 11. Bb3 Nxd4 12. Bxd4 b5 13. Kb1 b4 14. Nd5 Nxd5 15. Bxg7 Kxg7 $11 16. exd5 a5 17. Qd4+ Kg8 18. Bc4 Rc5 19. Rhe1 Bc8 20. Re2 Qc7 21. b3 a4 22. g4 axb3 23. axb3 Ra5 24. Kc1 Qa7 25. Qxa7 Rxa7 26. Rde1 Re8 27. Kd2 Kf8 28. Bb5 Ba6 29. Bxe8 Bxe2 30. Rxe2 Kxe8 31. Re4 Rb7 32. Kd3 Kd7 33. Rc4 e6 34. Kd4 Rb5 35. dxe6+ fxe6 36. f4 Rd5+ 37. Ke3 Rb5 38. Kd4 Rd5+ 39. Ke3 Rb5 40. Kd4 1/2-1/2

[Event "African Individual Chess-ch Women 2024"]
[Site "Accra"]
[Date "2024.03.19"]
[Round "8.1"]
[White "February, Jesse Nikki"]
[Black "Ofowino, Toritsemuwa"]
[Result "1-0"]
[ECO "C77"]
[WhiteElo "1920"]
[BlackElo "1950"]
[Annotator "RC"]
[PlyCount "85"]
[EventDate "2024.03.13"]
[EventCountry "GHA"]
[SourceTitle "playchess.com"]
[Source "ChessBase"]
[SourceQuality "1"]
[TimeControl "5400+30"]

1. e4 e5 2. Nf3 Nc6 3. Bb5 a6 4. Ba4 Nf6 5. d3 b5 6. Bb3 Bc5 7. Bg5 h6 8. Bh4 d6 9. Nc3 Be6 10. Nd5 Rb8 11. Nxf6+ gxf6 12. c3 Rg8 13. Qd2 Rg6 14. Bg3 d5 15. Nh4 Rg8 16. Qxh6 dxe4 17. Bxe6 fxe6 18. Qh5+ Kd7 19. d4 Bd6 20. dxe5 Nxe5 21. Bxe5 Bxe5 22. O-O-O+ Bd6 23. Rhe1 f5 24. Nxf5 exf5 25. Qxf5+ Kc6 26. Qxe4+ Kb6 27. f4 Qh4 28. Qd4+ Kb7 29. Qe4+ Ka7 30. g3 Qxh2 31. Rxd6 cxd6 32. Qd4+ Kb7 33. Qd5+ Kb6 34. Qxd6+ Ka7 35. Re7+ Rb7 36. Rxb7+ Kxb7 37. Qd5+ Kb6 38. Qe6+ Kc7 39. Qxg8 Qh1+ 40. Kc2 Qe4+ 41. Kd2 Qg2+ 42. Ke3 Qg1+ 43. Ke4 1-0

[Event "African Individual Chess-ch Women 2024"]
[Site "Accra"]
[Date "2024.03.19"]
[Round "8.2"]
[White "QUICKPEN, Deborah Ebimobo-ere"]
[Black "Wafa, Shahenda"]
[Result "1/2-1/2"]
[ECO "E94"]
[WhiteElo "1945"]
[BlackElo "2083"]
[Annotator "RC"]
[PlyCount "94"]
[EventDate "2024.03.13"]
[EventCountry "GHA"]
[SourceTitle "playchess.com"]
[Source "ChessBase"]
[SourceQuality "1"]
[TimeControl "5400+30"]

1. d4 Nf6 2. c4 g6 3. Nf3 Bg7 4. Nc3 O-O 5. e4 d6 6. Be2 e5 7. O-O exd4 8. Nxd4 Nc6 9. Be3 Re8 10. f3 Nxd4 11. Bxd4 c6 12. Qd2 Be6 13. Rfd1 Qa5 14. Rab1 Red8 15. Kh1 Qh5 16. Qf4 Ne8 17. Bxg7 Kxg7 18. b4 a6 19. a4 h6 20. Qg3 Qg5 21. Qf2 Qe5 22. Rbc1 f5 23. exf5 Qxf5 24. Bd3 Qf7 25. Ne2 d5 26. c5 Bf5 27. Nd4 Bxd3 28. Rxd3 Nc7 29. Re1 Re8 30. Rde3 Rxe3 31. Rxe3 Re8 32. Qe2 Rxe3 33. Qxe3 Qf6 34. Kg1 h5 35. Kf1 Kf7 36. Ke2 Ne6 37. Nxe6 Qxe6 38. Qxe6+ Kxe6 39. f4 Kf6 40. g3 Kf5 41. Kf3 Kf6 42. h3 Kf5 43. g4+ Ke6 44. Ke3 Kf7 45. Kd3 Ke7 46. Kd4 Ke6 47. Kc3 g5 1/2-1/2

[Event "African Individual Chess-ch Women 2024"]
[Site "Accra"]
[Date "2024.03.19"]
[Round "8.3"]
[White "Nassr, Lina"]
[Black "Nakabo, Peninah"]
[Result "1-0"]
[ECO "D04"]
[WhiteElo "2080"]
[BlackElo "1836"]
[Annotator "RC"]
[PlyCount "75"]
[EventDate "2024.03.13"]
[EventCountry "GHA"]
[SourceTitle "playchess.com"]
[Source "ChessBase"]
[SourceQuality "1"]
[TimeControl "5400+30"]

1. d4 Nf6 2. Nf3 d5 3. e3 Bg4 4. Be2 e6 5. Nbd2 Bd6 6. h3 Bf5 7. c4 c6 8. Qb3 Qb6 9. Qa4 Qb4 10. Qd1 Nbd7 11. O-O Qa5 12. a3 Rc8 13. b4 Qd8 14. Bb2 O-O 15. Nh4 Bg6 16. Nxg6 hxg6 17. Bf3 Bb8 18. e4 dxe4 19. Nxe4 Nxe4 20. Bxe4 Qc7 21. g3 f5 22. Bf3 f4 23. g4 g5 24. Qd3 Rf6 25. Rae1 Rh6 26. Kg2 Re8 27. Re2 Qd6 28. Rfe1 b6 29. Qe4 c5 30. Qc6 Qe7 31. Rxe6 Rxe6 32. Rxe6 Qd8 33. dxc5 bxc5 34. Bd5 Kf8 35. Bxg7+ Kxg7 36. Rg6+ Kf8 37. Rg8+ Ke7 38. Qe6# 1-0

[Event "African Individual Chess-ch Women 2024"]
[Site "Accra"]
[Date "2024.03.19"]
[Round "8.4"]
[White "Paulo, Jemima"]
[Black "Mbatha, Constance"]
[Result "0-1"]
[ECO "A13"]
[WhiteElo "1946"]
[BlackElo "1799"]
[Annotator "RC"]
[PlyCount "77"]
[EventDate "2024.03.13"]
[EventCountry "GHA"]
[SourceTitle "playchess.com"]
[Source "ChessBase"]
[SourceQuality "1"]
[TimeControl "5400+30"]

1. c4 Nc6 2. Nf3 e6 3. g3 g6 4. Bg2 Bg7 5. d4 d5 6. cxd5 exd5 7. Nc3 Nge7 8. O-O O-O 9. Bf4 a6 10. Rc1 Be6 11. Qd2 Rc8 12. Bh6 Re8 13. Bxg7 Kxg7 14. Na4 b6 15. h4 h6 16. b3 Na5 17. Rc3 Nb7 18. Rfc1 Nd6 19. Ne5 f6 20. Nd3 Bf7 21. Nb4 a5 22. Nc6 Nxc6 23. Rxc6 Re7 24. R6c2 f5 25. Qf4 Re8 26. Nc3 Ne4 27. Nb5 c5 28. Bxe4 Rxe4 29. Qd2 Qd7 30. a4 Rce8 31. dxc5 bxc5 32. Rxc5 Rxe2 33. Qd4+ Kg8 34. Rc7 Qe6 35. R1c6 Qe5 36. Qxe5 Re4 37. Qxe8+ Rxe8 38. Nd6 Re5 39. Nxf7 0-1

[Event "African Individual Chess-ch Women 2024"]
[Site "Accra"]
[Date "2024.03.19"]
[Round "8.5"]
[White "Banda Natalie Katlo"]
[Black "Marochkina, Nadezhda Valerevna"]
[Result "1-0"]
[ECO "D04"]
[WhiteElo "1772"]
[BlackElo "1819"]
[Annotator "NA RC"]
[PlyCount "53"]
[EventDate "2024.03.13"]
[EventCountry "GHA"]
[SourceTitle "playchess.com"]
[Source "ChessBase"]
[SourceQuality "1"]
[TimeControl "5400+30"]

1. d4 d5 2. Nf3 Nf6 3. e3 Bg4 4. c4 e6 5. Nc3 Nbd7 6. Qb3 dxc4 7. Qxb7 Nb6 8. Bxc4 Nxc4 9. Qc6+ Nd7 10. Qxc4 a6 11. Qc6 Bxf3 12. Qxf3 c5 13. dxc5 Bxc5 14. Qg3 O-O 15. e4 Bb4 16. O-O Qf6 17. Bd2 Rfd8 18. Bg5 Qd4 19. Bxd8 Rxd8 20. Qc7 Ne5 21. Rfd1 Nd3 22. Rd2 Bc5 23. Rad1 h6 24. Qg3 Qc4 25. Rxd3 Bxf2+ 26. Kxf2 Rxd3 27. Qxd3 1-0

[Event "African Individual Chess-ch Women 2024"]
[Site "Accra"]
[Date "2024.03.19"]
[Round "8.6"]
[White "Haile, Lidet Abate"]
[Black "Shaba, Linda Dalitso"]
[Result "1-0"]
[ECO "C02"]
[WhiteElo "1798"]
[BlackElo "1836"]
[Annotator "NA RC"]
[PlyCount "61"]
[EventDate "2024.03.13"]
[EventCountry "GHA"]
[SourceTitle "playchess.com"]
[Source "ChessBase"]
[SourceQuality "1"]
[TimeControl "5400+30"]

1. e4 e6 2. d4 d5 3. e5 c5 4. c3 Nc6 5. Nf3 Qb6 6. Bd3 Bd7 7. dxc5 Bxc5 8. O-O a5 9. a4 Nge7 10. Na3 Ng6 11. Qe2 Nce7 12. Nb5 O-O 13. h4 Bxb5 14. Bxb5 f6 15. exf6 gxf6 16. h5 Nh8 17. Bh6 Rfd8 18. Nh4 Kf7 19. Qd3 f5 20. Nf3 Qd6 21. Rae1 Rg8 22. Ne5+ Kf6 23. Qh3 Rg4 24. Nxg4+ fxg4 25. Qxg4 Rg8 26. Qh4+ Kf7 27. Bf4 Qb6 28. Be5 Kf8 29. Bxh8 Rxh8 30. Qf6+ Kg8 31. Be8 1-0

[Event "African Individual Chess-ch Women 2024"]
[Site "Accra"]
[Date "2024.03.19"]
[Round "8.7"]
[White "Laubscher, Anzel"]
[Black "Junior, Ednasia"]
[Result "1/2-1/2"]
[ECO "A04"]
[WhiteElo "1820"]
[BlackElo "1915"]
[Annotator "RC"]
[PlyCount "115"]
[EventDate "2024.03.13"]
[EventCountry "GHA"]
[SourceTitle "playchess.com"]
[Source "ChessBase"]
[SourceQuality "1"]
[TimeControl "5400+30"]

1. e4 c5 2. Nf3 Nc6 3. g3 g6 4. Bg2 Bg7 5. O-O d6 6. c3 e5 7. d3 Nge7 8. Nh4 O-O 9. f4 f5 10. Nd2 Be6 11. Ndf3 h6 12. exf5 gxf5 13. Qe2 Rc8 14. fxe5 dxe5 15. Be3 b6 16. Nd2 Qd7 17. Nc4 Rf7 18. Bf3 Qc7 19. g4 f4 20. Bf2 Qd7 21. h3 Bf6 22. Kh2 Kh8 23. Be4 Rg7 24. Rg1 Rcg8 25. Nf3 Bd5 26. g5 Bxg5 27. Nxg5 Rxg5 28. Bh4 Rxg1 29. Bf6+ R1g7 30. Qh5 Bxe4 31. dxe4 Nf5 32. exf5 Kh7 33. Bxg7 Rxg7 34. Re1 Rg5 35. Qe2 Qxf5 36. Nd6 Qe6 37. Qe4+ Kg7 38. Qxc6 Rg3 39. Ne8+ Kf7 40. Qxe6+ Kxe6 41. c4 Rd3 42. Nc7+ Kf5 43. Re2 e4 44. Nd5 e3 45. Kg2 Ke4 46. Nf6+ Kf5 47. Nd5 b5 48. b3 bxc4 49. bxc4 Rd4 50. Kf3 Rxc4 51. Rxe3 Rd4 52. Ne7+ Kg5 53. Rc3 Kf6 54. Nc6 Ra4 55. a3 Ke6 56. Rxc5 Rxa3+ 57. Kxf4 Rxh3 58. Nxa7 1/2-1/2

[Event "African Individual Chess-ch Women 2024"]
[Site "Accra"]
[Date "2024.03.20"]
[Round "9.1"]
[White "Haile, Lidet Abate"]
[Black "February, Jesse Nikki"]
[Result "1/2-1/2"]
[ECO "C01"]
[WhiteElo "1798"]
[BlackElo "1920"]
[Annotator "RC"]
[PlyCount "118"]
[EventDate "2024.03.13"]
[EventCountry "GHA"]
[SourceTitle "playchess.com"]
[Source "ChessBase"]
[SourceQuality "1"]
[TimeControl "5400+30"]

1. e4 e6 2. d4 d5 3. exd5 exd5 4. Bd3 Nc6 5. c3 Bd6 6. Nf3 Bg4 7. O-O Qd7 8. Nbd2 Nge7 9. Re1 f6 10. Qc2 O-O-O 11. b4 Bf5 12. Bxf5 Qxf5 13. Qa4 g5 14. Nf1 g4 15. Nh4 Qh5 16. g3 Ng6 17. Ng2 Kb8 18. Nfe3 Bxb4 19. Rb1 Nxd4 20. cxd4 Bxe1 21. Nxe1 Rd6 22. Nd3 Rb6 23. Rxb6 axb6 24. Qd7 Rc8 25. Ba3 Nf8 26. Bxf8 Rxf8 27. Nf4 Qf7 28. Qxg4 f5 29. Qe2 c6 30. Qb2 Kc7 31. Qc3 Kb8 32. Qb4 Ka7 33. Nd3 Rd8 34. Ne5 Qe6 35. f4 h5 36. Ng2 Rc8 37. Kf2 Rc7 38. Nh4 c5 39. Qa4+ Kb8 40. Nhg6 b5 41. Qxb5 cxd4 42. Qa4 Qa6 43. Qxa6 bxa6 44. a4 Rc2+ 45. Kf3 Rxh2 46. Nc6+ Kc7 47. Nxd4 Ra2 48. Nxf5 Ra3+ 49. Kf2 Rxa4 50. Ng7 d4 51. Nxh5 Rb4 52. Nf6 Kd6 53. Ne4+ Kd5 54. Nd2 a5 55. Ne5 a4 56. Nd3 Rb8 57. g4 a3 58. Nc1 Rb2 59. Ke2 a2 1/2-1/2

[Event "African Individual Chess-ch Women 2024"]
[Site "Accra"]
[Date "2024.03.20"]
[Round "9.2"]
[White "Mbatha, Constance"]
[Black "Nassr, Lina"]
[Result "1/2-1/2"]
[ECO "B43"]
[WhiteElo "1799"]
[BlackElo "2080"]
[Annotator "RC"]
[PlyCount "91"]
[EventDate "2024.03.13"]
[EventCountry "GHA"]
[SourceTitle "playchess.com"]
[Source "ChessBase"]
[SourceQuality "1"]
[TimeControl "5400+30"]

1. e4 c5 2. Nf3 e6 3. d4 cxd4 4. Nxd4 a6 5. Nc3 b5 6. a3 Bb7 7. Bd3 Qc7 8. O-O Be7 9. Be3 Nf6 10. h3 d6 11. Qe2 Nbd7 12. Rac1 O-O 13. f4 Nb6 14. Bf2 Nfd7 15. Rce1 Nc4 16. Ncxb5 axb5 17. Nxb5 Qc6 18. Bxc4 Nc5 19. Bxc5 Qxc5+ 20. Kh2 Rfc8 21. Bd3 d5 22. e5 Bc6 23. Nc3 g6 24. Nb1 Qb6 25. b3 Bxa3 26. Qg4 Bf8 27. f5 Be8 28. Nd2 Rc7 29. f6 Qb4 30. Qe2 Bh6 31. Nf3 Ra2 32. Rb1 Bb5 33. Ne1 Bxd3 34. Nxd3 Qd4 35. Ne1 Bf4+ 36. Kh1 Qxe5 37. Qb5 Rc8 38. Nd3 Qb8 39. Qxb8 Bxb8 40. c4 d4 41. Rfd1 h5 42. c5 e5 43. b4 Ra6 44. b5 Rxf6 45. c6 e4 46. Nc5 1/2-1/2

[Event "African Individual Chess-ch Women 2024"]
[Site "Accra"]
[Date "2024.03.20"]
[Round "9.3"]
[White "Wafa, Shahenda"]
[Black "Banda Natalie Katlo"]
[Result "1-0"]
[ECO "B18"]
[WhiteElo "2083"]
[BlackElo "1772"]
[Annotator "RC"]
[PlyCount "117"]
[EventDate "2024.03.13"]
[EventCountry "GHA"]
[SourceTitle "playchess.com"]
[Source "ChessBase"]
[SourceQuality "1"]
[TimeControl "5400+30"]

1. e4 c6 2. d4 d5 3. Nc3 dxe4 4. Nxe4 Bf5 5. Ng3 Bg6 6. Nf3 Nf6 7. Ne5 Nbd7 8. Nd3 e6 9. h4 h6 10. Nf4 Bh7 11. Bd3 e5 12. Qe2 Qe7 13. dxe5 Qxe5 14. Qxe5+ Nxe5 15. Bxh7 Rxh7 16. Be3 Neg4 17. Bd4 Bd6 18. Nfe2 c5 19. Bxf6 Nxf6 20. Nf5 O-O-O 21. O-O-O Kc7 22. Nxd6 Rxd6 23. Nc3 a6 24. Na4 Kc6 25. Rxd6+ Kxd6 26. Rd1+ Kc6 27. Re1 Nd5 28. c4 Nf4 29. Re4 g5 30. Kc2 b5 31. cxb5+ axb5 32. Nc3 b4 33. hxg5 hxg5 34. g3 Ne6 35. Nd1 Kd5 36. Re1 Nd4+ 37. Kc1 Nf3 38. Re7 Nd4 39. Ne3+ Kd6 40. Ra7 Rh1+ 41. Kd2 f5 42. Ra6+ Ke5 43. Kd3 f4 44. Ng4+ Kf5 45. Nh6+ Ke5 46. Nf7+ Kf5 47. gxf4 gxf4 48. Rh6 Rb1 49. b3 Rb2 50. Nd6+ Kg5 51. Rh2 Rxa2 52. Ne4+ Kg4 53. f3+ Kxf3 54. Rxa2 Nxb3 55. Rf2+ Kg4 56. Kc4 Nc1 57. Rc2 Kf5 58. Nd6+ Ke6 59. Nb7 1-0